 Dungeon Crawl Stone Soup version 0.28.0-45-g0d030f2227 (webtiles) character file.

Game seed: 12359709164813334854

20658 zeratav the Martial Artist (level 12, -3/102 HPs)
             Began as an Octopode Transmuter on Apr 11, 2022.
             Was a Follower of Ashenzari.
             Slain by a skeletal warrior
             ... wielding a +1 great mace of protection
              (20 damage)
             ... on level 11 of the Dungeon.
             The game lasted 01:14:27 (22090 turns).

zeratav the Martial Artist (Octopode Transmuter)   Turns: 22090, Time: 01:14:28

Health: -3/102     AC: 20    Str: 16    XL:     12   Next: 81%
Magic:  8/15       EV: 15    Int: 20    God:    Ashenzari [*.....]
Gold:   495        SH:  0    Dex: 16    Spells: 5/15 levels left

rFire   x . .      SeeInvis +     - Unarmed
rCold   + + +      Faith    .   (shield currently unavailable)
rNeg    + + .      Spirit   .   (helmet currently unavailable)
rPois   +          Reflect  .   (no amulet)
rElec   .          Harm     .   e - +6 ring of strength
rCorr   +          Rampage  .   f - +4 ring of protection
Will    .....                   g - ring of positive energy
Stlth   +++.......              h - ring of the Cosmic Scepticism {SInv, Melee, Bglg} (curse)
HPRegen 0.27/turn               C - ring "Shackled Annoyance" {Fly, Elem, Cun} (curse)
MPRegen 0.14/turn               G - ring "Behold Eternity" {rPois, Evo, Elem} (curse)
                                I - ring of Light {rN+ rCorr Int+4}
                                (no ring)

@: ice-armoured, ice-form, flying
A: freezing attack, boosted hp, almost no armour, amphibious, 8 rings, large,
(camouflage 1), (gelatinous body 1), (nimble swimmer 1), (tentacles)
a: End Transformation, Renounce Religion, Curse Item, Shatter the Chains


You were on level 11 of the Dungeon.
You worshipped Ashenzari.
Ashenzari was aware of your devotion.
You were a creature of crystalline ice.
You visited 2 branches of the dungeon, and saw 12 of its levels.
You also visited: Sewer, Ossuary and Bailey.

You collected 1199 gold pieces.
You spent 704 gold pieces at shops.


Innate Abilities, Weirdness & Mutations

You are a creature of crystalline ice.
You have a powerful freezing melee attack.
Your maximum health is increased.
Your armour is entirely melded.
You are incapable of wielding weapons or throwing items.
You cannot wear most types of armour.
You are amphibious.
You can wear up to eight rings at the same time.
((Your skin changes colour to match your surroundings (Stealth+).))
((Your rubbery body absorbs attacks. (AC +1, EV +1)))
((You are camouflaged when in or above water. (Stealth+)))
((You have tentacles for arms and can constrict up to eight enemies at once.))


   Skills:
 + Level 9.2 Fighting
 + Level 9.4(10.2) Dodging
 - Level 5.0(5.8) Stealth
 - Level 3.0 Shields
 * Level 13.3(14.1) Unarmed Combat
 - Level 2.0 Spellcasting
 + Level 6.7 Transmutations
 + Level 6.4(7.7) Ice Magic


You had 5 spell levels left.
You knew the following spells:

 Your Spells              Type           Power      Damage    Failure   Level
a - Ice Form              Ice/Tmut       31%        N/A       8%          4
c - Spider Form           Tmut/Pois      15%        N/A       12%         3
d - Ozocubu's Armour      Ice            33%        N/A       1%          3

Your spell library contained the following spells:

 Spells                   Type           Power      Damage    Failure   Level
 Beastly Appendage        Tmut           58%        N/A       1%          1
 Wereblood                Tmut           29%        N/A       1%          2
 Shock                    Conj/Air       8%         1d3       16%         1
 Summon Small Mammal      Summ           8%         N/A       16%         1
 Ignite Poison            Fire/Tmut/Pois 11%        N/A       19%         3
 Confusing Touch          Hex            2%         N/A       41%         3
 Conjure Flame            Conj/Fire      2%         6-21      41%         3
 Swiftness                Air            2%         N/A       41%         3
 Call Canine Familiar     Summ           2%         N/A       43%         3
 Summon Guardian Golem    Hex/Summ       2%         N/A       43%         3
 Metabolic Englaciation   Hex/Ice        8%         N/A       65%         5
 Yara's Violent Unravell  Hex/Tmut       7%         3d5       71%         5
 Airstrike                Air            1%         N/A       83%         4
 Sticky Flame             Conj/Fire      2%         2d3       83%         4
 Simulacrum               Ice/Necr       8%         N/A       99%         6
 Enfeeble                 Hex            1%         N/A       100%        7

Inventory:

Hand Weapons
 r - a +3 mace of protection (melded) {mace}
   (You took it off an orc on level 5 of the Dungeon)
Missiles
 F - 23 poisoned darts (quivered) {throwing}
 L - a curare-tipped dart {=fthrowing}
Armour
 l - a +2 hat (melded)
   (You found it on level 4 of the Dungeon)
 J - a +0 buckler
   (You bought it in a shop on level 9 of the Dungeon)
Jewellery
 e - a +6 ring of strength (left front paw)
   (You found it on level 2 of the Dungeon)
 f - a +4 ring of protection (right front paw)
   (You found it on level 2 of the Dungeon)
 g - a ring of positive energy (on tentacle)
   (You found it on level 2 of the Dungeon)
 h - the cursed ring of the Cosmic Scepticism (on tentacle) {SInv, Melee, Bglg}
   (You found it on level 2 of the Dungeon)

   [ring of see invisible]

   SInv:      It lets you see invisible.
   It has a curse which improves the following skills: Melee Combat: Short
   Blades, Long Blades, Axes, Maces & Flails, Polearms, Staves and Unarmed
   Combat.
   Beguiling: Conjurations, Hexes and Translocations.
 u - an amulet of magic regeneration {@e2}
   (You took it off a yaktaur on level 11 of the Dungeon)
 C - the cursed ring "Shackled Annoyance" (on tentacle) {Fly, Elem, Cun}
   (You found it on level 5 of the Dungeon)

   [ring of flight]

   Fly:       It grants you flight.
   It has a curse which improves the following skills: Elements: Fire Magic, Ice
   Magic, Air Magic and Earth Magic.
   Cunning:   Dodging and Stealth.
 G - the cursed ring "Behold Eternity" (on tentacle) {rPois, Evo, Elem}
   (You found it on level 8 of the Dungeon)

   [ring of poison resistance]

   rPois:     It protects you from poison.
   It has a curse which improves the following skills: Evocations: Evocations.
   Elements:  Fire Magic, Ice Magic, Air Magic and Earth Magic.
 I - the ring of Light (on tentacle) {rN+ rCorr Int+4}
   (You bought it in a shop on level 9 of the Dungeon)

   [ring of positive energy]

   Int:       It affects your intelligence (+4).
   rN:        It protects you from negative energy.
   rCorr:     It protects you from acid and corrosion.
 K - an amulet of faith {!P}
   (You found it on level 9 of the Dungeon)
Wands
 k - a wand of acid (2)
   (You found it in a sewer)
 v - a wand of digging (14)
   (You found it on level 6 of the Dungeon)
 H - a wand of polymorph (5)
   (You found it on level 10 of the Dungeon)
 M - a wand of iceblast (8)
   (You took it off an orc wizard on level 11 of the Dungeon)
 N - a wand of paralysis (5)
   (You found it on level 11 of the Dungeon)
Scrolls
 c - 2 scrolls of holy word
 d - 4 scrolls of teleportation {@r4}
 j - 2 scrolls of enchant weapon
 n - a scroll of amnesia
 q - 3 scrolls of fog
 s - a scroll of silence {!r}
 t - a scroll of fear
 w - 3 scrolls of vulnerability {!r!r}
 y - 2 scrolls of immolation {!r!r}
 z - 2 scrolls of magic mapping {!r}
 D - a scroll of enchant armour
Potions
 a - 8 potions of flight
 b - a potion of haste {@q3}
 i - 2 potions of lignification {!q}
 m - 2 potions of attraction {!q}
 o - 8 potions of mutation {!q}
 p - 2 potions of berserk rage {!q}
 x - 2 potions of resistance
 A - 2 potions of magic
 B - 4 potions of heal wounds {@q2}
 E - a potion of brilliance

Dungeon Overview and Level Annotations

Branches:
Dungeon (11/15)            Temple (1/1) D:4            Lair (0/6) D:11
  Sewer (visited)         Ossuary (visited)          Bailey (visited)
    Orc: D:9-12

Altars:
Ashenzari
Cheibriados
Dithmenos
Elyvilon
Fedhas
Gozag
Hepliaklqana
Kikubaaqudgha
Makhleb
Nemelex Xobeh
Okawaru
Qazlal
Ru
Sif Muna
Trog
Uskayaw
Vehumet
Wu Jian
Xom
Yredelemnul
Zin
The Shining One

Shops:
D:6 *   D:9 *[(=*   D:10 [??:

Annotations:
D:7 1 runed translucent door, Crazy Yiuf
D:10 !Erlocha, Erolcha
D:11 exclusion: oklob plant

..H..J...... ..#
#####.#####.# #.# ..
..#.# .#.# ..# #.#
###### #.# ### #....#
#.##...# #....# #.Y...#
..≈...#....
#..z....#...#.(..##
#...#...##P.[##...##
#.#....#....PP...#..#
#.##....#≈..P>PP.≈#...
##.# #....#....PP...#.##
#.# #......##.P.##.....
.#.###.......#...#....##
#.#......#...≈...#..#


You could see a skeletal warrior.


Message History

HP[+1]
Your hp is fully restored (102).
MP[+1]
Your mp is fully restored (15).
You now have 495 gold pieces (gained 18).
A troll comes into view.
The troll shouts!
You see here a potion of resistance.
You pummel the troll!! You freeze the troll.
You hear a horrible gurgling sound!
You hear a bellow!
You hear a roar!
You barely miss the troll. The troll bites you but does no damage.
The troll closely misses you. The troll claws you but does no damage.
An acid dragon comes into view.
You punch the troll! You freeze the troll.
You kill the troll!
A white ugly thing comes into view.
Casting: Ice Form (dangerous; 9% risk of failure)
Confirm with . or Enter, or press ? or * to list all spells.
You extend your transformation's duration.
The white ugly thing gurgles horribly!
You hear two shouts!
The white ugly thing closely misses you.
MP[-4]
You lost 4 mp, and now have 11/15 mp.
You hit the white ugly thing. The white ugly thing engulfs you.
The white ugly thing freezes you. You resist.
HP[-11]
You take 11 damage, and now have 91/102 hp.
You completely miss the white ugly thing.
You pummel the white ugly thing!! You freeze the white ugly thing.
You hear a bellow!
The white ugly thing engulfs you. The white ugly thing freezes you. You resist.
You hear a bellow!
HP[-6]
You take 6 damage, and now have 85/102 hp.
You pummel the white ugly thing!! You freeze the white ugly thing.
The white ugly thing engulfs you. The white ugly thing freezes you. You resist.
HP[-8]
You take 8 damage, and now have 77/102 hp.
You punch the white ugly thing! You freeze the white ugly thing.
The white ugly thing misses you.
You punch the white ugly thing! You freeze the white ugly thing.
You kill the white ugly thing!
You punch the acid dragon! You freeze the acid dragon. You hit the acid dragon.
You freeze the acid dragon. The acid dragon spits acid at you.
The splash of acid hits you! You resist.
You hear a shout!
You hear a roar!
HP[-12]
You take 12 damage, and now have 65/102 hp.
You pummel the acid dragon!! You freeze the acid dragon.
You kill the acid dragon!
You hear a bellow!
A manticore comes into view.
You hear a bellow!
MP[+1]
x - 2 potions of resistance (gained 1)
The manticore flicks its tail.
The volley of spikes hits you!
The barbed spikes become lodged in your body.
HP[-9]
You take 9 damage, and now have 56/102 hp.
As you read the scroll of teleportation {@r4}, it crumbles to dust.
You feel strangely unstable.
A two-headed ogre comes into view.
It is wielding a +0 giant club and a +0 dire flail.
Casting: Ice Form (dangerous; 8% risk of failure)
Confirm with . or Enter, or press ? or * to list all spells.
Your icy body feels more resilient.
HP[+1] MP[-3]
You lost 3 mp, and now have 9/15 mp.
You punch the two-headed ogre! You freeze the two-headed ogre.
The two-headed ogre hits you with a +0 giant club!
* * * LOW HITPOINT WARNING * * *
The two-headed ogre hits you with a +0 dire flail.
* * * LOW HITPOINT WARNING * * *
HP[-15]
You take 15 damage, and now have 42/102 hp.
You completely miss the two-headed ogre.
The two-headed ogre closely misses you. The two-headed ogre barely misses you.
You hit the two-headed ogre. You freeze the two-headed ogre.
Your surroundings suddenly seem different.
Your icy armour cracks and falls away as you move.
HP[+1] MP[+1]
You carefully extract the barbed spikes from your body.
A skeletal warrior comes into view.
It is wielding a +1 great mace of protection.
The skeletal warrior throws a stone.
The stone hits you.
* * * LOW HITPOINT WARNING * * *
HP[-4]
You take 4 damage, and now have 39/102 hp.
You punch the skeletal warrior! You freeze the skeletal warrior.
The skeletal warrior hits you with a +1 great mace of protection!!
* * * LOW HITPOINT WARNING * * *
HP[-22]
You take 22 damage, and now have 17/102 hp.
MASSIVE DAMAGE!! (PAUSE)
You hit the skeletal warrior but do no damage.
Casting: Ozocubu's Armour (safe; 1% risk of failure)
Confirm with . or Enter, or press ? or * to list all spells.
Your icy body feels more resilient.
The skeletal warrior hits you with a +1 great mace of protection!!
You die...

Skill      XL: |  1  2  3  4  5  6  7  8  9 10 11 12 |
---------------+-------------------------------------+-----
Stealth        | 1 2 3 4 5 |  5.0
Fighting       | 2 3 5 6 7 8 9 |  9.2
Unarmed Combat | 4 5 6 8 10 11 12 13 | 13.3
Dodging        | 3 4 5 6 7 8 9 |  9.4
Ice Magic      | 1 3 5 6 |  6.4
Transmutations | 4 5 6 |  6.7
Shields        | 1 3 |  3.0
Spellcasting   | |  2.0

Action                   |  1- 3 |  4- 6 |  7- 9 | 10-12 || total
-------------------------+-------+-------+-------+-------++-------
Melee: Unarmed           |    59 |    95 |   119 |   323 ||   596
       Kick              |    19 |    40 |    10 |       ||    69
       Constrict         |    20 |    38 |    66 |    19 ||   143
       Tentacles         |     9 |    31 |    69 |    27 ||   136
       Punch             |     1 |     4 |    19 |    10 ||    34
       Short sword       |       |    26 |    59 |       ||    85
       Dagger            |       |    10 |       |       ||    10
       Mace              |       |       |   202 |    83 ||   285
       Spear             |       |       |     6 |       ||     6
Throw: Dart              |       |       |     4 |    10 ||    14
 Cast: Beastly Appendage |    20 |    31 |     3 |     3 ||    57
       Spider Form       |       |     1 |    25 |    36 ||    62
       Ice Form          |       |       |       |    20 ||    20
       Ozocubu's Armour  |       |       |       |    14 ||    14
Invok: Curse Item        |       |       |     1 |     2 ||     3
  Use: Scroll            |       |       |    10 |    11 ||    21
       Potion            |       |       |     1 |     3 ||     4
 Stab: Sleeping          |     1 |     3 |    13 |     5 ||    22
       Distracted        |       |       |     1 |     1 ||     2
       Invisible         |       |       |       |     1 ||     1
Armor: Skin              |     4 |    24 |    75 |    89 ||   192
Dodge: Dodged            |    32 |    81 |   306 |   376 ||   795

Levels and vault maps discovered:
D:1:      minmay_arrival_four_houses, layout_rooms,
          hellmonk_ecumenical_altar_lost_god
D:2:      layout_basic, hangedman_decor_points, corner_web_ring, uniq_natasha
D:3:      layout_rooms, portal_sewer_entry_f, serial_corexii_hall,
          corexii_hall_statues_t, corexii_hall_statues_l,
          chequers_hall_statues_wall_a, corexii_hall_statues_i, uniq_robin
D:4:      layout_rooms, minmay_temple_entry_waves, enter_ossuary_4, uniq_edmund
D:5:      lemuel_ratsnest, layout_loops_ring
D:6:      layout_basic, mainiacjoe_overflow_alcove_4, serial_shops,
          nicolae_square_shop, minmay_between, uniq_duvessa
D:7:      layout_loops_ring, mainiacjoe_overflow_catwalk, enter_bailey_3,
          hex_tiny, minivault_24, kennysheep_path_1, grunt_decor_resistance,
          uniq_crazy_yiuf_cottage, uniq_maggie, uniq_menkaure
D:8:      layout_rooms, mainiacjoe_overflow_brackets,
          grunt_temple_overflow_diamond, uniq_grum
D:9:      layout_gridville, makhleb_altar_promises_db,
          mainiacjoe_overflow_large_starburst, serial_shops,
          nicolae_shop_waterfront, shop, nicolae_shop_hallway_plus, shop_statue,
          kennysheep_little_box, feat_on_display
D:10:     layout_cross, serial_shops, nicolae_stop_n_shop_2,
          nicolae_square_shop, shop, shop, serial_bayou_lagoon_b, uniq_snorg,
          uniq_erolcha
D:11:     minmay_the_grid_square_5x5_5x5 [minmay_the_grid_square_5x5_longway,
          minmay_the_grid_square_5x5_almost_minimal,
          minmay_the_grid_square_5x5_minimal,
          minmay_the_grid_square_5x5_moneybag, minmay_the_grid_square_5x5_three,
          minmay_the_grid_square_5x5_meh, minmay_the_grid_square_5x5_prize_junk,
          minmay_the_grid_square_5x5_lines,
          minmay_the_grid_square_5x5_prize_waves,
          minmay_the_grid_square_5x5_shuriken, minmay_the_grid_square_5x5_z,
          minmay_the_grid_square_5x5_slash,
          minmay_the_grid_square_5x5_prize_deathbox,
          minmay_the_grid_square_5x5_inner_i,
          minmay_the_grid_square_5x5_two_small, minmay_the_grid_square_5x5_comb,
          minmay_the_grid_square_5x5_prize_itemx,
          minmay_the_grid_square_5x5_inner_v,
          minmay_the_grid_square_5x5_prize_rear_guard,
          minmay_the_grid_square_5x5_inverted_slash,
          minmay_the_grid_square_5x5_minivault,
          minmay_the_grid_square_5x5_seven,
          minmay_the_grid_square_5x5_broken_cross,
          minmay_the_grid_square_5x5_inner_z,
          minmay_the_grid_square_5x5_sharp_hourglass], layout_loops_cross,
          dpeg_oklobed_lair
Temple:   nicolae_temple_figure_eight

Notes
Turn   | Place    | Note
-------+----------+-------------------------------------------
     0 | D:1      | zeratav the Octopode Transmuter began the quest for the
                  | Orb.
     0 | D:1      | Reached XP level 1. HP: 13/13 MP: 3/3
     0 | D:1      | magus.rc [v1.9.6]
   123 | D:1      | Reached XP level 2. HP: 16/18 MP: 3/5
   170 | D:1      | Reached skill level 1 in Stealth
   409 | D:1      | Found a faded altar of an unknown god.
   680 | D:2      | Reached XP level 3. HP: 21/23 MP: 4/6
   965 | D:2      | Noticed Natasha
   974 | D:2      | Killed Natasha
   975 | D:2      | Reached skill level 2 in Stealth
   975 | D:2      | Reached XP level 4. HP: 21/29 MP: 5/7
  1112 | D:2      | Noticed Natasha
  1123 | D:2      | HP: 6/29 [Natasha/magic dart (5)]
  1124 | D:2      | Killed Natasha
  1125 | D:2      | Reached skill level 2 in Fighting
  1125 | D:2      | Reached skill level 4 in Unarmed Combat
  1253 | D:2      | Noticed Natasha
  1260 | D:2      | HP: 4/29 [Natasha (8)]
  1261 | D:2      | HP: 1/29 [Natasha (3)]
  1262 | D:2      | Killed Natasha
  1263 | D:2      | Reached XP level 5. HP: 2/34 MP: 8/8
  2269 | D:3      | Reached skill level 3 in Stealth
  2425 | D:3      | Found a glowing drain.
  2449 | Sewer    | Entered a sewer
  2457 | Sewer    | Learned a level 3 spell: Spider Form
  2527 | Sewer    | Noticed a water moccasin
  2543 | Sewer    | Killed a water moccasin
  2544 | Sewer    | Reached skill level 3 in Dodging
  2544 | Sewer    | Reached XP level 6. HP: 41/41 MP: 6/9
  2621 | D:3      | Noticed Robin
  2656 | D:3      | Killed Robin
  2657 | D:3      | Reached skill level 5 in Unarmed Combat
  2950 | D:3      | You pick up a book of Air and begin reading...
  2950 | D:3      | You add the spells Shock, Swiftness and Airstrike to your
                  | library.
  3137 | D:4      | You pick up a book of Callings and begin reading...
  3137 | D:4      | You add the spells Summon Small Mammal, Call Canine
                  | Familiar and Summon Guardian Golem to your library.
  3253 | D:4      | Reached skill level 4 in Stealth
  3409 | D:4      | Reached skill level 3 in Fighting
  3475 | D:4      | Reached XP level 7. HP: 22/46 MP: 8/10
  3677 | D:4      | Found a staircase to the Ecumenical Temple.
  3746 | D:4      | Found a sand-covered staircase.
  3753 | Ossuary  | Entered an ossuary
  3974 | Ossuary  | Reached skill level 4 in Dodging
  3974 | Ossuary  | Reached skill level 5 in Stealth
  3980 | Ossuary  | Reached skill level 6 in Unarmed Combat
  4415 | Temple   | Entered the Ecumenical Temple
  4709 | Temple   | Became a worshipper of Ashenzari the Shackled
  4752 | D:4      | HP: 8/46 [orc priest/divine providence (13)]
  5558 | D:4      | Reached XP level 8. HP: 49/54 MP: 8/11
  5702 | D:4      | Noticed Edmund
  5724 | D:4      | Killed Edmund
  5725 | D:4      | Reached skill level 4 in Fighting
  6040 | D:5      | Entered Level 5 of the Dungeon
  6385 | D:5      | Reached skill level 7 in Unarmed Combat
  7164 | D:5      | Reached skill level 5 in Dodging
  7795 | D:5      | Reached skill level 5 in Fighting
  8039 | D:6      | Noticed Dowan
  8102 | D:6      | Noticed Duvessa
  8538 | D:6      | Killed Duvessa
  8539 | D:6      | Reached skill level 8 in Unarmed Combat
  8931 | D:6      | Killed Dowan
  8932 | D:6      | Reached XP level 9. HP: 58/61 MP: 8/12
  9018 | D:6      | HP: 9/61 [asphyx]
  9023 | D:6      | HP: 14/61 [kobold brigand/+0 short sword (4)]
  9452 | D:6      | Found Dofa's Assorted Antiques.
  9702 | D:6      | Reached skill level 6 in Dodging
  9750 | D:6      | Found an opulent altar of Gozag.
  9757 | D:6      | Reached skill level 9 in Unarmed Combat
  9871 | D:7      | You pick up a book of Winter and begin reading...
  9871 | D:7      | You add the spells Ozocubu's Armour, Metabolic Englaciation
                  | and Simulacrum to your library.
  9879 | D:7      | Noticed Maggie
  9887 | D:7      | Found a flagged portal.
  9914 | D:7      | Killed Maggie
  9915 | D:7      | Reached skill level 6 in Fighting
  9969 | Bailey   | Entered a bailey
 10091 | Bailey   | Identified the +7 scimitar of the Wary Portals {chaos, rC+
                  | Str+3 Dex+4}
 10634 | Bailey   | Noticed an orc knight
 11119 | Bailey   | You pick up a book of Misfortune and begin reading...
 11119 | Bailey   | You add the spells Confusing Touch, Yara's Violent
                  | Unravelling and Enfeeble to your library.
 11665 | Bailey   | Killed an orc knight
 11666 | Bailey   | Reached skill level 10 in Unarmed Combat
 11666 | Bailey   | Reached skill level 1 in Ice Magic
 11666 | Bailey   | Reached XP level 10. HP: 32/69 MP: 10/13
 12040 | D:7      | Learned a level 4 spell: Ice Form
 12105 | D:7      | Found a runed translucent door.
 12108 | D:7      | Noticed Crazy Yiuf
 12193 | D:7      | Reached skill level 7 in Dodging
 12569 | D:7      | Found a white marble altar of Elyvilon.
 12628 | D:7      | Noticed Menkaure
 12658 | D:7      | Killed Menkaure
 12811 | D:7      | Reached skill level 3 in Transmutations
 12811 | D:7      | Reached skill level 2 in Ice Magic
 13330 | D:8      | Noticed Grum
 13340 | D:8      | Killed Grum
 13343 | D:8      | Reached skill level 7 in Fighting
 13606 | D:8      | Found a hazy altar of Hepliaklqana.
 13612 | D:8      | Found a snail-covered altar of Cheibriados.
 13614 | D:8      | Found a shadowy altar of Dithmenos.
 13928 | D:8      | Reached * piety under Ashenzari
 13970 | D:8      | Found a hide-covered altar of Uskayaw.
 14176 | D:9      | Found Gunimudgh's Jewellery Shoppe.
 14181 | D:9      | Bought the ring of Light {rN+ rCorr Int+4} for 574 gold
                  | pieces
 14198 | D:9      | Found Cocof's Weapon Shop.
 14221 | D:9      | Found Aray's Antique Armour Boutique.
 14230 | D:9      | Bought a buckler for 130 gold pieces
 14271 | D:9      | Noticed a two-headed ogre
 14287 | D:9      | HP: 7/71 [two-headed ogre/+0 giant club (23)]
 14322 | D:9      | Killed a two-headed ogre
 14323 | D:9      | Reached skill level 1 in Shields
 14323 | D:9      | Reached skill level 3 in Ice Magic
 14621 | D:9      | Found a burning altar of Makhleb.
 14621 | D:9      | Noticed an Executioner
 14692 | D:9      | Reached skill level 11 in Unarmed Combat
 14692 | D:9      | Reached skill level 4 in Transmutations
 15066 | D:9      | Found Gog Xele's General Store.
 15285 | D:9      | Found Misitun's General Store.
 15414 | D:9      | Found a glowing golden altar of the Shining One.
 15422 | D:9      | Found an iron altar of Okawaru.
 15459 | D:9      | Reached XP level 11. HP: 52/75 MP: 10/14
 16020 | D:10     | Entered Level 10 of the Dungeon
 16027 | D:10     | Noticed a two-headed ogre
 16177 | D:10     | Reached skill level 2 in Shields
 16356 | D:10     | Learned a level 3 spell: Ozocubu's Armour
 16366 | D:10     | Found Boried Zyeg's Antique Armour Shop.
 16430 | D:10     | Killed a two-headed ogre
 16618 | D:10     | Noticed a two-headed ogre
 16646 | D:10     | You add the spells Conjure Flame, Ignite Poison and Sticky
                  | Flame to your library.
 16663 | D:10     | Found Fopore Vulo's Magic Scroll Shop.
 16675 | D:10     | Noticed Snorg
 16705 | D:10     | HP: 9/76 [Snorg (15)]
 16713 | D:10     | Found Ostrelaa's Book Emporium.
 16891 | D:10     | Reached skill level 4 in Ice Magic
 17236 | D:10     | HP: 17/76 [Snorg (6)]
 17240 | D:10     | Killed Snorg
 17241 | D:10     | Reached skill level 8 in Dodging
 17457 | D:10     | Killed a two-headed ogre
 17458 | D:10     | Reached skill level 3 in Shields
 17610 | D:10     | Found Ofiun's Magic Scroll Boutique.
 18141 | D:10     | Noticed Erolcha
 18178 | D:10     | Identified the +0 ring mail of Grace {Fly rN++ Regen+
                  | Int-2}
 18193 | D:11     | Noticed a manticore
 18202 | D:11     | Killed a manticore
 18203 | D:11     | Reached skill level 8 in Fighting
 18276 | D:11     | Reached skill level 5 in Transmutations
 18287 | D:11     | Noticed an eight-headed hydra
 18303 | D:11     | Killed an eight-headed hydra
 18491 | D:11     | Noticed a two-headed ogre
 18504 | D:11     | Reached skill level 12 in Unarmed Combat
 18764 | D:11     | Killed a two-headed ogre
 19196 | D:11     | Reached skill level 5 in Ice Magic
 19202 | D:11     | Noticed a tengu warrior
 19348 | D:11     | Found a staircase to the Lair.
 19348 | D:11     | Noticed an oklob plant
 19581 | D:11     | Reached XP level 12. HP: 84/84 MP: 11/15
 19808 | D:11     | Noticed a two-headed ogre
 19822 | D:11     | Noticed a centaur warrior
 19823 | D:11     | HP: 24/100 [centaur warrior/arrow (10)]
 19828 | D:11     | HP: 9/100 [centaur warrior/arrow (11)]
 20212 | D:10     | Killed a two-headed ogre
 20541 | D:11     | Noticed a centaur warrior
 20551 | D:11     | Killed a centaur warrior
 20554 | D:11     | Reached skill level 6 in Transmutations
 20556 | D:11     | Noticed an ogre mage
 21076 | D:11     | Killed a centaur warrior
 21129 | D:11     | Reached skill level 9 in Dodging
 21134 | D:11     | HP: 23/100 [centaur/arrow (11)]
 21147 | D:11     | HP: 21/100 [kobold brigand/+0 short sword (5)]
 21753 | D:11     | Reached skill level 13 in Unarmed Combat
 21803 | D:11     | Reached skill level 9 in Fighting
 21803 | D:11     | Reached skill level 6 in Ice Magic
 21817 | D:11     | Killed an ogre mage
 21829 | D:11     | Killed a tengu warrior
 22077 | D:11     | Noticed a two-headed ogre
 22088 | D:11     | HP: 17/102 [skeletal warrior/+1 great mace of protection
                  | (22)]
 22090 | D:11     | Slain by a skeletal warrior

Vanquished Creatures
  Snorg (D:10)
  A hydra (D:11)
  An ogre mage (D:11)
  2 centaur warriors (D:11)
  5 two-headed ogres
  A tengu warrior (D:11)
  An orc knight (Bailey)
  An ugly thing (D:11)
  A cyclops (D:11)
  2 manticores (D:11)
  2 centaur zombies (D:11)
  A gargoyle (D:11)
  Maggie (D:7)
  An unseen horror (D:10)
  2 kobold demonologists (D:11)
  A yaktaur (D:11)
  4 trolls
  2 hornets
  A wraith (D:10)
  3 shadows
  13 yaks
  Grum (D:8)
  A basilisk (D:11)
  2 vampire mosquitoes (D:11)
  A steam dragon (D:6)
  A redback (D:11)
  Menkaure (D:7)
  Edmund (D:4)
  2 acid dragons
  4 water moccasins
  Duvessa (D:6)
  8 orc warriors
  An ice beast (D:5)
  3 wolves (D:8)
  An ogre (D:6)
  7 centaurs (D:11)
  A phantom (D:5)
  4 kobold brigands
  3 bullfrogs
  A water moccasin zombie (D:5)
  A wyvern zombie (D:9)
  A gnoll sergeant (D:11)
  2 water moccasin skeletons (D:4)
  Dowan (D:6)
  A killer bee (D:11)
  3 wights (D:9)
  An electric eel (D:10)
  A bullfrog zombie (D:5)
  2 hounds
  3 jellies
  2 gnoll shamans
  10 orc priests
  A centaur skeleton (D:6)
  2 iguanas (D:5)
  Natasha (thrice) (D:2)
  8 orc wizards
  8 mummies (Ossuary)
  3 howler monkey zombies
  Robin (D:3)
  16 gnolls
  6 adders
  7 river rats (D:5)
  2 shadow imps (D:6)
  A white imp (D:8)
  An ufetubus (D:5)
  An adder skeleton (D:4)
  6 worms
  4 dart slugs
  31 orcs
  6 endoplasms
  3 giant cockroaches
  4 gnoll zombies (Ossuary)
  29 goblins
  8 hobgoblins
  12 jackals
  24 kobolds
  11 quokkas
  7 ball pythons
  4 bats
  3 frilled lizards
  3 hobgoblin zombies (Ossuary)
  An orc zombie (Ossuary)
  A quokka zombie (D:4)
  18 rats
  A rat zombie (D:4)
355 creatures vanquished.

Vanquished Creatures (others)
  An unseen horror (D:11)
  22 plants
23 creatures vanquished.

Grand Total: 378 creatures vanquished

Table legend:
 A = Non-vault XP
 B = Vault XP
 C = Vault XP percentage of total XP
 D = Non-vault monster count
 E = Vault monster count
 F = Vault count percentage of total count
                 A         B        C        D         E       F
            +---------+---------+-------+---------+---------+-------
      Total |   14201 |   15311 |  51.9 |     211 |     145 |  40.7
            +---------+---------+-------+---------+---------+-------
        D:1 |      26 |       0 |   0.0 |      15 |       0 |   0.0
        D:2 |     137 |      35 |  20.3 |      26 |       1 |   3.7
        D:3 |      47 |      44 |  48.4 |      16 |      16 |  50.0
        D:4 |     660 |     171 |  20.6 |      35 |       3 |   7.9
        D:5 |     465 |     298 |  39.1 |      17 |      32 |  65.3
        D:6 |     531 |     663 |  55.5 |      11 |       7 |  38.9
        D:7 |     795 |     567 |  41.6 |      18 |       6 |  25.0
        D:8 |     830 |     534 |  39.1 |      17 |       4 |  19.0
        D:9 |    1890 |       0 |   0.0 |      15 |       0 |   0.0
       D:10 |    3416 |    1749 |  33.9 |      15 |       2 |  11.8
       D:11 |    5404 |    9594 |  64.0 |      26 |      24 |  48.0
      Sewer |       0 |     155 | 100.0 |       0 |       5 | 100.0
    Ossuary |       0 |     156 | 100.0 |       0 |      16 | 100.0
     Bailey |       0 |    1345 | 100.0 |       0 |      29 | 100.0
            +---------+---------+-------+---------+---------+-------

Illustrated notes

Table legend:
 A = Kills in this place as a percentage of kills in entire the game.
 B = Kills by you in this place as a percentage of kills by you in the entire game.
 C = Kills by friends in this place as a percentage of kills by friends in the entire game.
 D = Other kills in this place as a percentage of other kills in the entire game.
 E = Experience gained in this place as a percentage of experience gained in the entire game.
 F = Experience gained in this place divided by the number of levels of this place that you have seen.
                   A       B       C       D       E      F
               +-------+-------+-------+-------+-------+----------------------
         Total | 100.0 | 100.0 |   N/A | 100.0 | 100.0 | 1967.5
       Dungeon |  86.0 |  85.9 |   N/A | 100.0 |  94.4 | 2532.4
         Sewer |   1.4 |   1.4 |   N/A |   0.0 |   0.5 | 155.0
       Ossuary |   4.5 |   4.5 |   N/A |   0.0 |   0.5 | 156.0
        Bailey |   8.1 |   8.2 |   N/A |   0.0 |   4.6 | 1345.0
               +-------+-------+-------+-------+-------+----------------------

Table legend: (Time is in decaauts)
 A = Elapsed time spent in this place.
 B = Non-inter-level travel time spent in this place.
 C = Inter-level travel time spent in this place.
 D = Time resting spent in this place.
 E = Time spent auto-exploring this place.
 F = Levels seen in this place.
 G = Mean time per level.
                   A        B        C        D        E       F      G
               +--------+--------+--------+--------+--------+-----+--------+
         Total |  22141 |  20610 |   1531 |  11019 |   3085 |  15 | 1476.1 |
       Dungeon |  19157 |  17667 |   1490 |   9332 |   2694 |  11 | 1741.5 |
        Temple |    308 |    267 |     41 |      0 |    262 |   1 |  308.0 |
         Sewer |    164 |    164 |      0 |     25 |      0 |   1 |  164.0 |
       Ossuary |    597 |    597 |      0 |    307 |    129 |   1 |  597.0 |
        Bailey |   1913 |   1913 |      0 |   1355 |      0 |   1 | 1913.0 |
               +--------+--------+--------+--------+--------+-----+--------+

Top non-repeatable levels by time:
    D:10: 3450 daAuts
     D:5: 2595 daAuts
    D:11: 2234 daAuts
     D:9: 1961 daAuts
  Bailey: 1913 daAuts
     D:2: 1708 daAuts
     D:4: 1642 daAuts
     D:7: 1623 daAuts
     D:3: 1324 daAuts
     D:6: 1188 daAuts
     D:8: 888 daAuts
 Ossuary: 597 daAuts
     D:1: 542 daAuts
  Temple: 308 daAuts
   Sewer: 164 daAuts
